 Dungeon Crawl Stone Soup version 0.31-a0-232-gb1c03b2570 (webtiles) character file.

Game seed: 14847699710587662713

63 qw the Shooter (level 3, -17/29 HPs)
             Began as a Minotaur Hexslinger on July 7, 2023.
             Demolished by a bunyip zombie (28 damage)
             ... on level 2 of the Abyss.
             The game lasted 00:00:33 (1868 turns).

qw the Shooter (Minotaur Hexslinger)                Turns: 1868, Time: 00:00:34

Health: -17/29     AC:  2    Str: 12    XL:     3   Next: 89%
Magic:  3/3        EV: 12    Int: 10    God:
Gold:   118        SH:  0    Dex: 14    Spells: 3/4 levels left

rFire   . . .        Y - +1 sling
rCold   . . .        (no shield)
rNeg    . . .        c - +0 robe
rPois   .            (helmet restricted)
rElec   .            (no cloak)
rCorr   .            (no gloves)
SInv    .            (no boots)
Will    .....        (no amulet)
Stlth   +            (no ring)
HPRegen 0.24/turn    (no ring)
MPRegen 0.08/turn

%: no passive effects
@: no status effects
A: horns 2, retaliatory headbutt
a: no special abilities


You were on level 2 of the Abyss.
You visited 1 branch of the dungeon, and saw 3 of its levels.
You visited the Abyss 1 time.

You collected 118 gold pieces.


Innate Abilities, Weirdness & Mutations

You have a pair of horns on your head.
You reflexively headbutt those who attack you in melee.


   Skills:
 - Level 2.0 Fighting
 + Level 4.4 Ranged Weapons
 - Level 2.1 Dodging
 - Level 1.0 Spellcasting
 - Level 2.0 Hexes


You had 3 spell levels left.
You knew the following spells:

 Your Spells              Type           Power      Damage    Failure   Level
a - Slow                  Hex            16%        N/A       16%         1

Your spell library contained the following spells:

 Spells                   Type           Power      Damage    Failure   Level
 Inner Flame              Hex/Fire       2%         N/A       56%         3
 Portal Projectile        Hex/Tloc       4%         N/A       56%         3
 Cause Fear               Hex            2%         N/A       83%         4

Inventory:

Hand Weapons
 Y - a +1 sling (weapon)
Armour
 b - a +0 ring mail
 c - a +0 robe (worn)
Potions
 a - a potion of experience {unknown}
 d - a potion of lignification {unknown}
 f - 2 potions of brilliance {unknown}
 g - a potion of haste

Dungeon Overview and Level Annotations

Branches:
Dungeon (3/15)

Altars:
Dithmenos

Annotations:
D:3 Ijyb


Message History

You shoot a sling bullet.
The sling bullet hits Ijyb but does no damage.
Ijyb is lightly wounded.
Ijyb zaps a wand.
You turn into a tree.
Your +0 robe melds into your body.
Your roots penetrate the ground.
You shoot a sling bullet. The sling bullet hits Ijyb.
Ijyb is lightly wounded.
Ijyb hits you but does no damage.
You shoot a sling bullet. The sling bullet barely misses Ijyb.
Ijyb hits you but does no damage.
You are cast into the Abyss!
This branch contains the abyssal rune of Zot.
Waypoint 3 assigned to Abyss:2.
You start resting.
Your transformation is almost over.
You feel less wooden.
Your +0 robe unmelds from your body.
A bunyip zombie comes into view.
You shoot a sling bullet.
The sling bullet hits the bunyip zombie!
The bunyip zombie is lightly damaged.
You shoot a sling bullet.
The sling bullet hits the bunyip zombie but does no damage.
The bunyip zombie is lightly damaged.
You shoot a sling bullet.
The sling bullet barely misses the bunyip zombie.
The bunyip zombie misses you. You furiously retaliate!
You headbutt the bunyip zombie. The bunyip zombie claws you!
The bunyip zombie misses you.
You shoot a sling bullet.
The sling bullet hits the bunyip zombie but does no damage.
The bunyip zombie is lightly damaged.
You shoot a sling bullet.
The sling bullet hits the bunyip zombie.
The bunyip zombie is lightly damaged.
You shoot a sling bullet.
The sling bullet barely misses the bunyip zombie.
The bunyip zombie claws you. The bunyip zombie claws you!!
Ouch! That really hurt!
You die...

##### #...###
#.@Z### #
.#......#
.#.........#
#........#\.#
....##.#.....##
.##. #.#.#.#..#
# .#.##ยค##.#
##.. .#...


You could see a bunyip zombie.

Vanquished Creatures
  2 adders (D:2)
  2 dart slugs
  An orc (D:3)
  3 endoplasms (D:1)
  A giant cockroach (D:1)
  2 goblins
  5 hobgoblins
  3 jackals (D:1)
  2 quokkas (D:1)
  6 ball pythons
  2 bats
  2 frilled lizards (D:2)
  3 kobolds
  4 rats (D:1)
38 creatures vanquished.

Notes
Turn   | Place    | Note
-------+----------+-------------------------------------------
     0 | D:1      | qw the Minotaur Hexslinger began the quest for the Orb.
     0 | D:1      | Reached XP level 1. HP: 16/16 MP: 1/1
     0 | D:1      | 0 ||| qw: Version: 0.3-a-46-gb1f654a
     0 | D:1      | 0 ||| qw: Game counter: 2853
     0 | D:1      | 0 ||| qw: Melee chars always use a shield: true
     0 | D:1      | 0 ||| qw: God list: Okawaru
     0 | D:1      | 0 ||| qw: Allow faded altars: false
     0 | D:1      | 0 ||| qw: Do Orc after clearing Dungeon:15 true
     0 | D:1      | 0 ||| qw: Do second Lair branch before Depths: true
     0 | D:1      | 0 ||| qw: Lair rune preference: random
     0 | D:1      | 0 ||| qw: Goals: Normal
     0 | D:1      | 0 ||| PLANNING D:1-11
   125 | D:1      | Reached skill level 3 in Ranged Weapons
   143 | D:1      | Found a faded altar of an unknown god.
   151 | D:1      | Reached XP level 2. HP: 23/23 MP: 2/2
   707 | D:1      | 707 ||| READING 2 scrolls labelled UDUODUIZOU.
   708 | D:1      | 708 ||| READING scroll labelled WUIPRI IHICIA.
   709 | D:1      | 709 ||| DRINKING 2 lumpy pink potions.
   710 | D:1      | 710 ||| DROPPING scroll of immolation.
   711 | D:1      | 711 ||| DROPPING scroll of poison.
   730 | D:2      | Reached XP level 3. HP: 29/29 MP: 3/3
   895 | D:2      | Found a shadowy altar of Dithmenos.
   925 | D:2      | Reached skill level 4 in Ranged Weapons
  1110 | D:2      | HP: 6/29 [adder (3)]
  1114 | D:2      | HP: 2/29 [poisoned by an adder]
  1643 | D:2      | 1643 ||| READING scroll labelled TAOLUL LATOECLUZIL.
  1648 | D:2      | 1648 ||| READING scroll labelled TAS CIEWESA.
  1788 | D:3      | Noticed Ijyb
  1791 | D:3      | 1791 ||| FLEEEEING.
  1792 | D:3      | 1792 ||| FLEEEEING.
  1793 | D:3      | 1793 ||| FLEEEEING.
  1794 | D:3      | 1794 ||| FLEEEEING.
  1795 | D:3      | 1795 ||| FLEEEEING.
  1796 | D:3      | 1796 ||| FLEEEEING.
  1797 | D:3      | 1797 ||| FLEEEEING.
  1798 | D:3      | 1798 ||| FLEEEEING.
  1799 | D:3      | 1799 ||| FLEEEEING.
  1800 | D:3      | 1800 ||| FLEEEEING.
  1801 | D:3      | 1801 ||| FLEEEEING.
  1802 | D:3      | 1802 ||| FLEEEEING.
  1803 | D:3      | 1803 ||| FLEEEEING.
  1804 | D:3      | 1804 ||| FLEEEEING.
  1805 | D:3      | 1805 ||| FLEEEEING.
  1806 | D:3      | 1806 ||| FLEEEEING.
  1807 | D:3      | 1807 ||| FLEEEEING.
  1810 | Abyss:2  | Cast into level 2 of the Abyss (Ijyb)
  1862 | Abyss:2  | Noticed a bunyip zombie
  1868 | Abyss:2  | Demolished by a bunyip zombie

Levels and vault maps discovered:
D:1:      dpeg_arrival_renting, layout_loops_ring,
          hellmonk_ecumenical_altar_crossroads
D:2:      layout_basic, basic_altar, minmay_between
D:3:      layout_loops_cross, lemuel_coloured_pillars_altar, serial_forest,
          infiniplex_forest_clump_C, infiniplex_forest_clump_small,
          infiniplex_forest_clump_small, infiniplex_forest_clump_medium,
          infiniplex_forest_lined_1, infiniplex_forest_lined_ring,
          infiniplex_forest_clump_small, serial_park_tiny_1,
          minmay_misc_feat_hallway, grunt_decor_clamped, uniq_natasha,
          uniq_jessica, uniq_ijyb
Abyss:2:  base:
D:1

Skill      XL: |  1  2  3 |
---------------+----------+-----
Ranged Weapons | 3 4 |  4.4
Fighting       | 2 |  2.0
Dodging        | |  2.1
Spellcasting   | |  1.0
Hexes          | |  2.0

Action                     || total
---------------------------++-------
   Fire: Sling             ||   105
    Use: Scroll            ||     4
         Potion            ||     1
 Armour: Robe              ||     7
         Skin              ||     3
  Dodge: Dodged            ||    22

Table legend:
 A = Non-vault XP
 B = Vault XP
 C = Vault XP percentage of total XP
 D = Non-vault monster count
 E = Vault monster count
 F = Vault count percentage of total count
                 A         B        C        D         E       F
            +---------+---------+-------+---------+---------+-------
      Total |      71 |      20 |  22.0 |      34 |       4 |  10.5
            +---------+---------+-------+---------+---------+-------
        D:1 |      40 |       0 |   0.0 |      22 |       0 |   0.0
        D:2 |      20 |      20 |  50.0 |       6 |       4 |  40.0
        D:3 |      11 |       0 |   0.0 |       6 |       0 |   0.0
            +---------+---------+-------+---------+---------+-------
